 Dungeon Crawl Stone Soup version 0.17.1-1-g73c8601 (webtiles) character file.

56 Clownie the Ducker (level 3, -4/17 HPs)
             Began as a Felid Monk on Dec 22, 2015.
             Killed by nerve-wracking pain
             ... invoked by Grinder
              (6 damage)
             ... on level 3 of the Dungeon.
             The game lasted 00:02:00 (2106 turns).

Clownie the Ducker (Felid Monk)                     Turns: 2106, Time: 00:02:00

Health: -4/17      AC:  1    Str:  7    XL:     3   Next: 69%
Magic:  4/4        EV: 22    Int: 11    God:
Gold:   134        SH:  0    Dex: 19    Spells: 0 memorised, 2 levels left
                                        Lives:  0   Deaths: 1

rFire  . . .     SeeInvis +       - Unarmed
rCold  . . .     Clarity  .     (armour unavailable)
rNeg   . . .     SustAt   .     (shield unavailable)
rPois  .         Gourm    .     (helmet unavailable)
rElec  .         Spirit   .     (cloak unavailable)
rCorr  .         Warding  .     (gloves unavailable)
rMut   .         Stasis   .     (boots unavailable)
MR     .....                    (no amulet)
Stlth  +++.......               (no ring)
                                (no ring)

@: quick, not resistant to hostile enchantments, fairly stealthy
A: no armour, no weapons or thrown items, claws 1, fangs 3, see invisible,
carnivore 3, speed 1, shaggy fur 1, slow metabolism 1, sharp paws
a: no special abilities


You were on level 3 of the Dungeon.
You were not hungry.

You visited 1 branch of the dungeon, and saw 3 of its levels.

You collected 134 gold pieces.

Inventory:

Jewellery
 k - an uncursed ring of stealth {unknown}
Scrolls
 b - 3 scrolls of blinking {unknown}
 e - 2 scrolls of enchant armour {unknown}
 f - 3 scrolls of remove curse {unknown}
 g - a scroll of fog {unknown}
 h - a scroll of identify {unknown}
 i - a scroll of magic mapping {unknown}
 j - a scroll of recharging {unknown}
 m - a scroll of fear {unknown}
 p - a scroll of teleportation {unknown}
 q - a scroll of random uselessness {unknown}
Comestibles
 a - a meat ration


   Skills:
 - Level 3.0 Fighting
 + Level 5.8 Dodging
 - Level 2.6 Stealth
 + Level 5.1 Unarmed Combat


You had 2 spell levels left.
You didn't know any spells.

Dungeon Overview and Level Annotations

Branches:
Dungeon (3/15)

Altars:
Elyvilon
Nemelex Xobeh

Annotations:
D:3 Grinder


Innate Abilities, Weirdness & Mutations

You cannot wear armour.
You are incapable of wielding weapons or throwing items.
You have sharp claws.
You have razor-sharp teeth.
You have supernaturally acute eyesight.
You are carnivorous and can eat meat at any time.
You cover ground quickly.
You are covered in fur (AC +1).
You have a slow metabolism.
Your sharp claws are effective at attacking unaware monsters.


Message History

You scratch Grinder. You bite Grinder, but do no damage.
Grinder is moderately wounded.
Grinder hits you.
You writhe in agony.
You scratch Grinder.
Grinder is heavily wounded.
Grinder gestures at you. Pain shoots through your body!
* * * LOW HITPOINT WARNING * * *
You are too injured to fight recklessly!
You are too injured to fight recklessly!
You are too injured to fight recklessly!
You are too injured to fight recklessly!
You are too injured to fight recklessly!
You scratch Grinder.
Grinder is heavily wounded.
Grinder gestures.
Grinder blinks!
Grinder gestures at you. Pain shoots through your body!
You die...

## #.#.# ...#.#.#
###.#.#.## .#
......>..# .#
.......#.# .#
###.##...#### .# #
#...§...# .#
#.......# ###.####
#..
#..@....#####.......
#..#
#..5..........†5#
#..#
#.......#####.#h#
##..# #.......# #!#.#
##...## #.......#
#.#.# .####.....##
####.#### #.#.#
.......>...######..##
#.#.#
.###................#
#.#.#
.........#.#######..#
#.#.#


You could see Grinder.

Vanquished Creatures
  3 adders (D:2)
  3 gnolls (D:2)
  4 oozes
  4 bats
  3 giant cockroaches
  4 goblins
  10 hobgoblins
  4 jackals (D:1)
  5 kobolds
  A giant gecko (D:2)
  A giant gecko skeleton (D:3)
  A giant newt (D:2)
  2 rats
45 creatures vanquished.

Notes
Turn   | Place    | Note
--------------------------------------------------------------
     0 | D:1      | Clownie the Felid Monk began the quest for the Orb.
     0 | D:1      | Reached XP level 1. HP: 10/10 MP: 2/2
   557 | D:1      | Found a sparkling altar of Nemelex Xobeh.
   600 | D:1      | Reached XP level 2. HP: 14/14 MP: 3/3
  1145 | D:2      | Reached XP level 3. HP: 15/17 MP: 4/4
  1169 | D:2      | Reached skill level 5 in Dodging
  1226 | D:2      | Found a white marble altar of Elyvilon.
  1541 | D:2      | Reached XP level 4. HP: 18/21 MP: 5/5
  1759 | D:2      | Reached skill level 5 in Unarmed Combat
  2070 | D:3      | Noticed Grinder
  2080 | D:3      | Gained mutation: Your spells are a little easier to cast, but a little less powerful. [potion of mutation]
  2080 | D:3      | Gained mutation: Your mind is acute. (Int +2) [potion of mutation]
  2080 | D:3      | Gained mutation: You are frail (-10% HP). [potion of mutation]
  2081 | D:3      | Lost mutation: Your spells are a little easier to cast, but a little less powerful. [potion of cure mutation]
  2081 | D:3      | Lost mutation: Your mind is acute. (Int +2) [potion of cure mutation]
  2081 | D:3      | Lost mutation: You are frail (-10% HP). [potion of cure mutation]
  2087 | D:3      | Paralysed by Grinder for 6 turns
  2089 | D:3      | Slain by Grinder
  2090 | D:3      | Reached XP level 3. HP: -3/17 MP: 4/4
  2106 | D:3      | Killed from afar by Grinder

Action                   |  1- 3 |  4- 6 || total
-------------------------+-------+-------++-------
Melee: Unarmed           |    69 |    36 ||   105
  Use: Potion            |       |     5 ||     5
 Stab: Sleeping          |     7 |     2 ||     9
       Distracted        |     1 |     3 ||     4
  Eat: Chunk             |       |     4 ||     4
